 Dungeon Crawl Stone Soup version 0.30-a0-591-g3c58d2bc28 (webtiles) character file.

Game seed: 2664624520590454220

161 Darkkill the Shooter (level 5, -2/46 HPs)
             Began as a Minotaur Hunter on Jan 5, 2023.
             Killed by nerve-wracking pain
             ... invoked by Grinder
              (12 damage)
             ... on level 3 of the Dungeon.
             The game lasted 00:01:18 (1461 turns).

Darkkill the Shooter (Minotaur Hunter)              Turns: 1461, Time: 00:01:19

Health: -2/46      AC:  5    Str: 16    XL:     5   Next: 18%
Magic:  4/4        EV: 13    Int:  6    God:
Gold:   59         SH:  0    Dex: 15    Spells: 4/4 levels left

rFire   . . .      SeeInvis .    a - +0 shortbow
rCold   . . .      Faith    .    (shield currently unavailable)
rNeg    . . .      Spirit   .    c - +1 leather armour
rPois   .          Reflect  .    (helmet restricted)
rElec   .          Harm     .    (no cloak)
rCorr   .          Rampage  .    l - +0 pair of gloves
Will    .....                    (no boots)
Stlth   ++                       (no amulet)
HPRegen 0.27/turn                (no ring)
MPRegen 0.09/turn                (no ring)

@: no status effects
A: horns 2, retaliatory headbutt
a: no special abilities


You were on level 3 of the Dungeon.
You visited 1 branch of the dungeon, and saw 3 of its levels.

You collected 59 gold pieces.

Inventory:

Hand Weapons
 a - a +0 shortbow (weapon)
Missiles
 e - 6 stones
 k - 3 javelins
 n - 3 boomerangs
Armour
 c - a +1 leather armour (worn)
 l - a +0 pair of gloves (worn)
Scrolls
 b - 2 scrolls of immolation
 j - a scroll of teleportation
 m - a scroll of blinking {unknown}
Potions
 d - a potion of lignification {unknown}
 f - a potion of flight {unknown}
 g - a potion of brilliance {unknown}
 h - 3 potions of heal wounds {unknown}
 i - a potion of might {unknown}


   Skills:
 + Level 3.8 Fighting
 + Level 5.2 Ranged Weapons
 + Level 3.5 Dodging
 + Level 2.2 Stealth


You had 4 spell levels left.
You didn't know any spells.
Your spell library contained the following spells:

 Spells                   Type           Power      Damage    Failure   Level
 Momentum Strike          Conj/Tloc      0%         3d8       67%         2
 Call Canine Familiar     Summ           0%         N/A       88%         3
 Ignite Poison            Fire/Tmut/Pois 0%         N/A       88%         3
 Portal Projectile        Hex/Tloc       0%         N/A       88%         3
 Iskenderun's Mystic Bla  Conj/Tloc      0%         2d3       99%         4
 Leda's Liquefaction      Hex/Erth       0%         N/A       99%         4
 Olgreb's Toxic Radiance  Pois           0%         N/A       99%         4
 Alistair's Intoxication  Tmut/Pois      0%         N/A       100%        5


Dungeon Overview and Level Annotations

Branches:
Dungeon (3/15)

Altars:
Kikubaaqudgha

Annotations:
D:3 Grinder


Innate Abilities, Weirdness & Mutations

You have a pair of horns on your head.
You reflexively headbutt those who attack you in melee.


Message History

The orc shouts!
The orc throws a boomerang.
The boomerang hits you.
An orc is nearby!
You shoot an arrow. The arrow barely misses the orc.
An orc is nearby!
You shoot an arrow. The arrow barely misses the orc.
The orc throws a boomerang.
The boomerang hits you.
An endoplasm comes into view.
There are monsters nearby!
You shoot an arrow.
The arrow hits the orc but does no damage.
An orc comes into view. It is wielding a +0 dagger.
The orc throws a boomerang.
The boomerang barely misses you.
There are monsters nearby!
You shoot an arrow. The orc shouts!
The arrow hits the orc!
You kill the orc!
You hear a shout!
There are monsters nearby!
You shoot an arrow. The arrow hits the endoplasm!
You kill the endoplasm!
An orc is nearby!
You shoot an arrow. The arrow hits the orc.
The orc is moderately wounded.
An orc is nearby!
You shoot an arrow.
The arrow hits the orc but does no damage.
The orc is moderately wounded.
An orc is nearby!
You shoot an arrow. The arrow barely misses the orc.
An orc is nearby!
You shoot an arrow. The arrow hits the orc.
You kill the orc!
HP restored.
An orc comes into view. It is wielding a +0 mace.
You shoot an arrow. The arrow closely misses the orc.
An orc is nearby!
You shoot an arrow. The arrow hits the orc.
The orc is moderately wounded.
An orc is nearby!
You shoot an arrow.
The arrow hits the orc but does no damage.
The orc is moderately wounded.
An orc is nearby!
You shoot an arrow. The arrow hits the orc.
The orc is almost dead.
An orc is nearby!
You shoot an arrow. The arrow hits the orc.
You kill the orc!
n - 3 boomerangs
Things that are here:
a +0 flail; a +0 scale mail; an orc corpse Grinder comes into view.
She is carrying a wand of roots (13).
Grinder shouts!
You shoot an arrow. The arrow hits Grinder.
Grinder is lightly wounded.
Grinder says, "FISH!"
Grinder zaps a wand.
The roots erupt in riotous growth!
The grasping roots grab you! The grasping roots constrict you!
You hear a shout!
You hear an angry hiss.
You hear a shout!
You shoot an arrow. The arrow hits Grinder.
Grinder is lightly wounded.
The grasping roots constrict you!
You are too injured to fight recklessly!
Fire: a) +0 shortbow
Press: ? - help, Q - select action, (/) - cycle Shift-Dir - straight line, f/p - Grinder
Aim: Grinder, carrying a wand of roots (12) (lightly wounded, 58% to hit)
You shoot an arrow. The arrow barely misses Grinder.
The grasping roots constrict you!
Fire: a) +0 shortbow
Press: ? - help, Q - select action, (/) - cycle Shift-Dir - straight line, f/p - Grinder
Aim: Grinder, carrying a wand of roots (12) (lightly wounded, 58% to hit)
You shoot an arrow. The arrow barely misses Grinder.
The grasping roots constrict you! x2
* * * LOW HITPOINT WARNING * * *
The grasping roots release their grip on you.
Fire: a) +0 shortbow
Press: ? - help, Q - select action, (/) - cycle Shift-Dir - straight line, f/p - Grinder
Aim: Grinder, carrying a wand of roots (12) (lightly wounded, 58% to hit)
You shoot an arrow. The arrow hits Grinder.
Grinder is lightly wounded.
You hear an angry hiss.
Fire: a) +0 shortbow
Press: ? - help, Q - select action, (/) - cycle Shift-Dir - straight line, f/p - Grinder
Aim: Grinder, carrying a wand of roots (12) (lightly wounded, 58% to hit)
You shoot an arrow. The arrow hits Grinder.
Grinder is moderately wounded.
Grinder blinks!
Fire: a) +0 shortbow
Press: ? - help, Q - select action, (/) - cycle Shift-Dir - straight line, f/p - Grinder
Aim: Grinder, carrying a wand of roots (12) (moderately wounded, 58% to hit)
You shoot an arrow. The arrow hits Grinder.
Grinder is moderately wounded.
You hear an angry hiss.
An adder comes into view.
Grinder gestures at you. Pain shoots through your body!
You die...

#.####..####### ### .#.
..###..## ##... .. .
....#.## ###... ..##..
#.#...## #...# .....
.......#####..#####..####
..............)..........
...........)..###..######
..........).#####ยง##
.....#####......@.#
####.# #######..5# #.#
#.#.# +.# #.#.# S.#..
.#####. . .. . ##


You could see Grinder and an adder (wandering).

Vanquished Creatures
  A phantom (D:2)
  2 adders (D:2)
  4 dart slugs
  3 orcs (D:3)
  5 ball pythons
  8 endoplasms
  3 giant cockroaches
  5 goblins
  3 hobgoblins
  2 jackals (D:1)
  3 kobolds (D:1)
  9 bats
  3 frilled lizards
  4 rats (D:1)
55 creatures vanquished.

Notes
Turn   | Place    | Note
-------+----------+-------------------------------------------
     0 | D:1      | Darkkill the Minotaur Hunter began the quest for the Orb.
     0 | D:1      | Reached XP level 1. HP: 18/18 MP: 0/0
   131 | D:1      | Reached skill level 1 in Stealth
   138 | D:1      | Reached XP level 2. HP: 19/25 MP: 1/1
   318 | D:1      | Found a faded altar of an unknown god.
   515 | D:1      | Reached XP level 3. HP: 31/31 MP: 2/2
   910 | D:2      | Got the Elucidation of the Planar Bane
  1109 | D:2      | Noticed a phantom
  1116 | D:2      | Killed a phantom
  1117 | D:2      | Reached skill level 5 in Ranged Weapons
  1117 | D:2      | Reached XP level 4. HP: 40/40 MP: 3/3
  1117 | D:2      | Reached XP level 5. HP: 46/46 MP: 4/4
  1347 | D:3      | Found an ancient bone altar of Kikubaaqudgha.
  1454 | D:3      | Noticed Grinder
  1458 | D:3      | HP: 9/46 [constriction (7)]
  1461 | D:3      | Killed from afar by Grinder

Illustrated notes

Levels and vault maps discovered:
D:1:      elethiomel_arrival_quiet, layout_loops_cross,
          shapermc_ecumenical_altar_starsandcircs
D:2:      cheibrodos_helix_gallery, layout_loops_cross
D:3:      layout_rooms, mainiacjoe_overflow_tiny_flanked,
          nemelex_diamond_rough_becter, general_overflow_altar,
          mainiacjoe_overflow_cross_hatched, roderic_lattice_a, uniq_jessica,
          uniq_grinder

Skill      XL: |  1  2  3 |
---------------+----------+-----
Stealth        | 1 2 |  2.2
Fighting       | 3 |  3.8
Dodging        | 3 |  3.5
Ranged Weapons | 5 |  5.2

Action                   |  1- 3 |  4- 6 || total
-------------------------+-------+-------++-------
 Fire: Shortbow          |   101 |    40 ||   141
  Use: Scroll            |     2 |     2 ||     4
Armor: Leather armour    |    17 |     4 ||    21
Dodge: Dodged            |    35 |     5 ||    40

Table legend: (Time is in decaauts)
 A = Elapsed time spent in this place.
 B = Non-inter-level travel time spent in this place.
 C = Inter-level travel time spent in this place.
 D = Time resting spent in this place.
 E = Time spent auto-exploring this place.
 F = Levels seen in this place.
 G = Mean time per level.
                   A        B        C        D        E       F      G
               +--------+--------+--------+--------+--------+-----+--------+
         Total |   1502 |   1467 |     35 |     32 |   1166 |   3 |  500.7 |
       Dungeon |   1502 |   1467 |     35 |     32 |   1166 |   3 |  500.7 |
               +--------+--------+--------+--------+--------+-----+--------+

Top non-repeatable levels by time:
     D:1: 805 daAuts
     D:2: 554 daAuts
     D:3: 142 daAuts

Table legend:
 A = Kills in this place as a percentage of kills in entire the game.
 B = Kills by you in this place as a percentage of kills by you in the entire game.
 C = Kills by friends in this place as a percentage of kills by friends in the entire game.
 D = Other kills in this place as a percentage of other kills in the entire game.
 E = Experience gained in this place as a percentage of experience gained in the entire game.
 F = Experience gained in this place divided by the number of levels of this place that you have seen.
                   A       B       C       D       E      F
               +-------+-------+-------+-------+-------+----------------------
         Total | 100.0 | 100.0 |   N/A |   N/A | 100.0 |  76.7
       Dungeon | 100.0 | 100.0 |   N/A |   N/A | 100.0 |  76.7
               +-------+-------+-------+-------+-------+----------------------
